 Dungeon Crawl Stone Soup version 0.19-a0-1714-gcab94ab (webtiles) character file.

361 Vasilisck the Magician (level 6, -3/28 HPs)
             Began as a Spriggan Enchanter on Sept 28, 2016.
             Slain by Prince Ribbit (14 damage)
             ... on level 5 of the Dungeon.
             The game lasted 00:15:44 (5124 turns).

Vasilisck the Magician (Spriggan Enchanter)         Turns: 5124, Time: 00:15:45

Health: -3/28      AC:  5    Str:  4    XL:     6   Next: 38%
Magic:  1/16       EV: 20    Int: 17    God:
Gold:   228        SH:  0    Dex: 18    Spells: 4 memorised, 6 levels left

rFire  . . .     SeeInvis +     a - +2 dagger
rCold  . . .     Gourm    .     b - +2 robe
rNeg   . . .     Faith    .     (shield restricted)
rPois  .         Spirit   .     (helmet restricted)
rElec  .         Dismiss  .     (no cloak)
rCorr  .         Reflect  .     (gloves unavailable)
MR     +....     Harm     .     (boots unavailable)
Stlth  ++++......               (no amulet)
                                (no ring)
                                (no ring)

@: very quick
A: unfitting armour, see invisible, herbivore 3, speed 3, slow metabolism 2
a: no special abilities


You were on level 5 of the Dungeon.
You were not hungry.

You visited 1 branch of the dungeon, and saw 5 of its levels.

You collected 228 gold pieces.

Inventory:

Hand Weapons
 a - a +2 dagger (weapon)
Armour
 b - a +2 robe (worn)
Wands
 k - a wand of slowing (7/48)
Scrolls
 g - a scroll of teleportation
 h - a scroll of enchant armour
 i - a scroll of fear
 n - a scroll of remove curse
 s - a scroll of fog
Potions
 e - 4 potions of heal wounds
 f - a potion of resistance
 m - a potion of curing
 p - 2 potions of flight
 r - a potion of might
Books
 c - a book of Maledictions

   Spells                             Type                      Level
   a - Corona                         Hexes                        1
   b - Ensorcelled Hibernation        Hexes/Ice                    2
   c - Confuse                        Hexes                        3
   d - Tukima's Dance                 Hexes                        3
   e - Dazzling Spray                 Conjuration/Hexes            3
Comestibles
 d - 7 bread rations
 l - 5 fruits


   Skills:
 - Level 1.1 Short Blades
 + Level 4.3 Dodging
 + Level 5.9 Stealth
 - Level 6.1 Spellcasting
 - Level 4.1 Hexes
 - Level 2.0 Ice Magic


You had 6 spell levels left.
You knew the following spells:

 Your Spells              Type           Power        Failure   Level  Hunger
a - Tukima's Dance        Hex            ###.....     10%         3    ##.....
b - Ensorcelled Hibernat  Hex/Ice        ###...       6%          2    None
c - Dazzling Spray        Conj/Hex       ##....       17%         3    ##.....
d - Confuse               Hex            ###.....     10%         3    ##.....


Dungeon Overview and Level Annotations

Branches:
Dungeon (5/15)
 Temple: D:4-7

Altars:
Kikubaaqudgha
Okawaru

Annotations:
D:5 Prince Ribbit


Innate Abilities, Weirdness & Mutations

You are very small and have problems with some larger weapons.
You are too small for most types of armour.
You have supernaturally acute eyesight. (SInv)
You are a herbivore.
You cover ground extremely quickly.
You need consume almost no food.


Message History

Casting: Confuse
Confirm with . or Enter, or press ? or * to list all spells.
Aiming: Ensorcelled Hibernation
Press: ? - help, Shift-Dir - straight line, f/p - Prince Ribbit
Aim: Prince Ribbit (chance to defeat MR: 28%) Prince Ribbit looks drowsy...
The quokka misses you.
The quokka bites you but does no damage.
The helpless Prince Ribbit fails to defend himself.
You impale Prince Ribbit!!
Prince Ribbit is severely wounded.
Prince Ribbit winks and puckers his lips.
Prince Ribbit misses you. The quokka closely misses you.
The quokka closely misses you.
Prince Ribbit casts a spell.
Prince Ribbit looks slightly unstable.
You hit the quokka.
You kill the quokka!
Prince Ribbit hits you!
Ouch! That really hurt!
You die...

..#......##
).........##
...........####..
............#....
................(
?..............##..
...........#..##...
.<....%@..#...#..#
........F....#..#
...............#
..............##
.......###.....#
........#....#..##
.............##..#####
...#..........##......
..####....##.........


You could see Prince Ribbit.

Vanquished Creatures
  An ogre (D:4)
  A hound (D:4)
  A centaur skeleton (D:4)
  An iguana (D:4)
  2 worker ants (D:4)
  A hound skeleton (D:4)
  4 adders
  2 worms
  2 dart slugs (D:2)
  3 leopard geckos
  6 orcs
  6 bats
  3 giant cockroaches
  8 goblins
  9 hobgoblins
  16 jackals
  6 kobolds
  3 quokkas
  5 frilled lizards
  6 rats
86 creatures vanquished.

Notes
Turn   | Place    | Note
-------+----------+-------------------------------------------
     0 | D:1      | Vasilisck the Spriggan Enchanter began the quest for the Orb.
     0 | D:1      | Reached XP level 1. HP: 9/9 MP: 5/5
   133 | D:1      | Reached skill level 3 in Spellcasting
   150 | D:1      | Reached XP level 2. HP: 13/13 MP: 7/7
   235 | D:1      | Learned a level 2 spell: Ensorcelled Hibernation
  1070 | D:1      | Reached XP level 3. HP: 12/16 MP: 1/9
  1715 | D:2      | Reached skill level 4 in Spellcasting
  1868 | D:2      | Reached skill level 1 in Ice Magic
  2350 | D:2      | Reached XP level 4. HP: 21/21 MP: 8/11
  3673 | D:3      | Found an ancient bone altar of Kikubaaqudgha.
  4298 | D:4      | Reached skill level 5 in Spellcasting
  4445 | D:4      | Noticed an ogre
  4452 | D:4      | Killed an ogre
  4452 | D:4      | Reached skill level 6 in Spellcasting
  4452 | D:4      | Reached XP level 5. HP: 24/24 MP: 8/14
  4573 | D:4      | Found an iron altar of Okawaru.
  4651 | D:4      | Learned a level 3 spell: Tukima's Dance
  4655 | D:4      | Learned a level 3 spell: Dazzling Spray
  4659 | D:4      | Learned a level 3 spell: Confuse
  4811 | D:4      | Reached skill level 5 in Stealth
  4811 | D:4      | Reached XP level 6. HP: 28/28 MP: 11/16
  5071 | D:5      | Entered Level 5 of the Dungeon
  5102 | D:5      | Noticed Prince Ribbit
  5124 | D:5      | Slain by Prince Ribbit

Vault maps used:
D:1:      arrival_zaba_pyramid
D:3:      kiku_gazebo_garden_becter, first_bread
D:4:      okawaru_ov_weapons_minmay
D:5:      uniq_prince_ribbit1, uniq_pikel

Skill      XL: |  1  2  3  4  5  6 |
---------------+-------------------+-----
Spellcasting   | 3 4 6 |  6.1
Hexes          | 4 |  4.1
Ice Magic      | 1 2 |  2.0
Stealth        | 5 |  5.9
Dodging        | 4 |  4.3
Short Blades   | |  1.1

Action                   |  1- 3 |  4- 6 || total
-------------------------+-------+-------++-------
Melee: Dagger            |   120 |   144 ||   264
 Cast: Ensorcelled Hiber |    37 |    55 ||    92
       Confuse           |       |     6 ||     6
  Use: Scroll            |       |    19 ||    19
 Stab: Sleeping          |    35 |    32 ||    67
       Confused          |       |     1 ||     1
  Eat: Fruit             |       |     3 ||     3
       Bread ration      |       |     1 ||     1
Armor: Robe              |    15 |    29 ||    44
Dodge: Dodged            |   115 |   216 ||   331
